 Dungeon Crawl Stone Soup version 0.16.0-12-g7215832 (webtiles) character file.

4014 kae the Martial Artist (level 10, -6/69 (71) HPs)
             Began as a Grey Draconian Transmuter on Mar 18, 2015.
             Was an Initiate of Gozag.
             Mangled by a troll (9 damage)
             ... summoned by a shadow trap
             ... triggered by a kobold
             ... on level 8 of the Dungeon.
             The game lasted 00:13:11 (8444 turns).

kae the Martial Artist (Grey Draconian Transmuter)  Turns: 8444, Time: 00:13:13

HP:   -6/69 (71)    AC: 14    Str: 13    XL:     10   Next: 3%
MP:   15/16         EV: 12    Int: 14    God:    Gozag
Gold: 581           SH:  0    Dex: 14    Spells: 3 memorised, 7 levels left

rFire  . . .     SeeInvis .       - Unarmed
rCold  . . .     Clarity  .     (armour unavailable)
rNeg   + . .     SustAb   .     (no shield)
rPois  .         Gourm    .     (helmet restricted)
rElec  .         Spirit   .     F - +0 cloak
rCorr  .         Warding  .     (no gloves)
rMut   .         Stasis   .     q - +0 pair of boots
MR     .....                    (no amulet)
Stlth  +.........               (no ring)
                                c - ring of positive energy

@: appendage, very slightly contaminated, not resistant to hostile enchantments,
very unstealthy
A: walk through water, unfitting armour, horns 2, unbreathing, cold-blooded, AC
+12
a: End Transformation, Potion Petition, Call Merchant, Bribe Branch, Renounce
Religion


You were on level 8 of the Dungeon.
You worshipped Gozag.
Gozag was noncommittal.
You were hungry.
You had grown temporary horns.
You visited 2 branches of the dungeon, and saw 9 of its levels.

You collected 723 gold pieces.
You paid 142 gold pieces to Gozag.

Inventory:

Missiles
 b - 41 arrows
Armour
 q - a +0 pair of boots (worn)
 F - a +0 cloak (worn)
Jewellery
 c - a ring of positive energy (left hand)
 g - an uncursed amulet of regeneration {unknown}
 A - a +3 ring of intelligence {unknown}
 M - an uncursed ring of stealth {unknown}
Magical devices
 w - a wand of flame (25)
 x - a wand of polymorph (9)
 E - a wand of magic darts (6)
 G - a wand of hasting (7)
 L - a wand of flame (28)
Scrolls
 e - a scroll of blinking {unknown}
 f - 2 scrolls of random uselessness {unknown}
 l - 3 scrolls of remove curse
 n - 2 scrolls of magic mapping {unknown}
 o - 7 scrolls of identify
 r - 4 scrolls of recharging
 s - 2 scrolls of teleportation
 t - 2 scrolls of noise {unknown}
 y - 2 scrolls of fog {unknown}
 B - a scroll of enchant weapon {unknown}
 C - a scroll of brand weapon {unknown}
 H - a scroll of fear {unknown}
 I - 2 scrolls of enchant armour {unknown}
 K - a scroll of silence {unknown}
Potions
 h - 3 potions of curing
 i - 3 potions of ambrosia {unknown}
 j - a potion of magic {unknown}
 m - 3 potions of brilliance {unknown}
 u - a potion of degeneration {unknown}
 v - a potion of cancellation {unknown}
 z - 2 potions of resistance {unknown}
 D - a potion of mutation {unknown}
 J - a potion of berserk rage {unknown}
 P - 2 potions of heal wounds
Books
 d - a book of Changes

   Spells                             Type                      Level
   a - Beastly Appendage              Transmutation                1
   b - Sticks to Snakes               Transmutation                2
   c - Spider Form                    Transmutation/Poison         3
   d - Ice Form                       Ice/Transmutation            4
   e - Blade Hands                    Transmutation                5
Comestibles
 a - 8 bread rations
 k - 4 meat rations
 p - 15 fruits
 N - a beef jerky
 O - 6 slices of pizza


   Skills:
 - Level 1.1 Fighting
 - Level 1.7 Dodging
 * Level 12.0 Unarmed Combat
 - Level 2.0 Spellcasting
 + Level 8.6 Transmutations


You had 7 spell levels left.
You knew the following spells:

 Your Spells              Type           Power        Failure   Level  Hunger
a - Beastly Appendage     Trmt           ####..       1%          1    ##.....
b - Sticks to Snakes      Trmt           ####......   1%          2    ###....
c - Spider Form           Trmt/Pois      ##........   14%         3    ####...


Dungeon Overview and Level Annotations

Branches:
Dungeon (8/15)             Temple (1/1) D:6
   Lair: D:8-11

Altars:
Ashenzari
Cheibriados
Dithmenos
Elyvilon
Fedhas
Gozag
Kikubaaqudgha
Makhleb
Nemelex Xobeh
Okawaru
Qazlal
Ru
Trog
Vehumet
Xom
Yredelemnul
Zin
The Shining One

Shops:
D:7 [


Innate Abilities, Weirdness & Mutations

You can walk through water.
Your dull iron-grey scales are very hard (AC +12).
Your body does not fit into most forms of armour.
You can survive without breathing.
Your cold-blooded metabolism reacts poorly to cold.
You have a pair of horns on your head.


Message History

The troll misses you. The troll claws you but does no damage.
That beef jerky was delicious!
Unknown command.
Casting: Beastly Appendage
Confirm with . or Enter, or press ? or * to list all spells.
You grow a pair of large bovine horns.
You feel a little less agile now. The kobold hits you but does no damage.
The orc barely misses you. The orc wizard barely misses you.
The troll bites you! The troll claws you. The troll claws you!
* * * LOW HITPOINT WARNING * * *
The kobold is no longer distracted by gold.
The kobold closely misses you. The orc closely misses you.
The kobold misses you.
The orc wizard's eyes start to glow.
The troll barely misses you. The troll claws you!
* * * LOW HITPOINT WARNING * * *
The troll claws you!
You die...
Your body crumbles into a pile of gold.

.........####### #.#
.##........# #.#
.##.##[....#######.#
.##.##.#...........#
....##.#..########.#
.......#.#########.#
########.#.......#$#
#........#.....To#$#
#.########....oK@#$#
#.# #.....oK$$#
#.##################
#.........#
#.#######.# #.# #.#
### ###


You could see a troll, an orc wizard, 2 orcs and 2 kobolds.

Vanquished Creatures
  A hog (D:7)
  2 hungry ghosts
  A hippogriff (D:8)
  A human (D:7)
  3 orc warriors
  A water moccasin (D:6)
  An ice beast (D:5)
  A necrophage (D:7)
  A phantom (D:5)
  A centaur (D:6)
  3 ogres
  12 big kobolds (D:8)
  3 giant frogs
  Blork the orc (D:7)
  A wyvern zombie (D:8)
  A scorpion (D:8)
  2 giant frog zombies (D:7)
  A centaur zombie (D:5)
  A goliath beetle (D:8)
  3 crimson imps
  6 orc priests
  12 orc wizards
  A hound (D:5)
  Crazy Yiuf (D:5)
  A giant frog skeleton (D:8)
  2 jellies
  A centaur skeleton (D:7)
  Natasha (thrice) (D:5)
  8 worker ants
  3 sheep (D:7)
  Jessica (D:2)
  A hound skeleton (D:8)
  3 gnolls (D:2)
  11 adders
  3 shadow imps (D:5)
  A giant mite (D:3)
  4 worms
  An adder skeleton (D:5)
  An adder zombie (D:8)
  9 giant geckos
  21 orcs
  2 bat skeletons (D:5)
  8 giant cockroaches
  17 hobgoblins
  23 kobolds
  A ball python (D:1)
  18 bats
  7 giant newts
  7 goblins
  3 quokkas
  A quokka zombie (D:8)
  16 rats
  A spectral orc (D:4)
239 creatures vanquished.

Vanquished Creatures (others)
  5 sheep (D:4)
5 creatures vanquished.

Grand Total: 244 creatures vanquished

Notes
Turn   | Place    | Note
--------------------------------------------------------------
     0 | D:1      | kae, the Draconian Transmuter, began the quest for the Orb.
     0 | D:1      | Reached XP level 1. HP: 16/16 MP: 3/3
   148 | D:1      | Reached XP level 2. HP: 18/23 MP: 4/4
  1159 | D:2      | Reached XP level 3. HP: 26/28 MP: 4/6
  1243 | D:2      | Reached skill level 4 in Unarmed Combat
  1252 | D:2      | Reached XP level 4. HP: 23/35 MP: 7/7
  1618 | D:2      | Noticed Jessica
  1624 | D:2      | Killed Jessica
  2186 | D:3      | Reached XP level 5. HP: 21/40 MP: 9/9
  2402 | D:3      | Learned a level 2 spell: Sticks to Snakes
  2406 | D:3      | Learned a level 3 spell: Spider Form
  2562 | D:3      | Reached skill level 5 in Unarmed Combat
  3116 | D:4      | Found a sparkling altar of Nemelex Xobeh.
  3169 | D:4      | Found a basalt altar of Yredelemnul.
  3320 | D:4      | Reached XP level 6. HP: 27/47 MP: 10/10
  3438 | D:4      | Noticed an ogre
  3448 | D:4      | Killed an ogre
  3448 | D:4      | Reached skill level 6 in Unarmed Combat
  3736 | D:4      | Found a shattered altar of Ashenzari.
  3776 | D:4      | Found a sparkling altar of Nemelex Xobeh.
  3821 | D:4      | Found a shimmering altar of Xom.
  3942 | D:5      | Entered Level 5 of the Dungeon
  4122 | D:5      | Your scales start taking on a dull iron-grey colour.
  4122 | D:5      | Gained mutation: You can survive without breathing. [draconian maturity]
  4122 | D:5      | Reached XP level 7. HP: 12/52 MP: 12/12
  4370 | D:5      | Noticed Natasha
  4649 | D:5      | Killed Natasha
  4649 | D:5      | Reached skill level 7 in Unarmed Combat
  4698 | D:5      | Noticed Natasha
  4703 | D:5      | Killed Natasha
  4727 | D:5      | Reached skill level 5 in Transmutations
  4937 | D:5      | Noticed Natasha
  4951 | D:5      | Killed Natasha
  5191 | D:5      | Noticed Crazy Yiuf
  5200 | D:5      | Killed Crazy Yiuf
  5361 | D:5      | Reached skill level 8 in Unarmed Combat
  5646 | D:6      | Reached XP level 8. HP: 56/59 MP: 11/13
  5665 | D:6      | Found a snail-covered altar of Cheibriados.
  5858 | D:6      | Found a staircase to the Ecumenical Temple.
  5872 | Temple   | Entered the Ecumenical Temple
  5938 | Temple   | Became a worshipper of Gozag Ym Sagoz the Greedy
  6061 | D:6      | Reached skill level 9 in Unarmed Combat
  7068 | D:7      | Reached skill level 10 in Unarmed Combat
  7089 | D:7      | Reached XP level 9. HP: 34/64 MP: 10/14
  7244 | D:7      | Found Isafuan's Armour Boutique.
  7304 | D:7      | Noticed Blork the orc
  7311 | D:7      | Killed Blork the orc
  7731 | D:8      | Found a sacrificial altar of Ru.
  7794 | D:8      | Found an iron altar of Okawaru.
  7876 | D:8      | Reached skill level 11 in Unarmed Combat
  8398 | D:8      | Reached XP level 10. HP: 63/69 MP: 16/16
  8401 | D:8      | Reached skill level 12 in Unarmed Combat
  8444 | D:8      | HP: 3/69 [troll[a kobold] (8)]
  8444 | D:8      | Mangled by a troll

Action                   |  1- 3 |  4- 6 |  7- 9 | 10-12 || total
-------------------------+-------+-------+-------+-------++-------
Melee: Unarmed           |    96 |   242 |   313 |    42 ||   693
 Cast: Beastly Appendage |    15 |    25 |    30 |     1 ||    71
       Spider Form       |       |       |     7 |       ||     7
Invok: Potion Petition   |       |       |     1 |       ||     1
  Use: Scroll            |     4 |       |       |       ||     4
       Potion            |       |     1 |     3 |       ||     4
  Eat: Chunk             |     1 |    10 |     7 |       ||    18
       Fruit             |       |       |     4 |       ||     4
       Beef jerky        |       |       |     2 |     1 ||     3
       Pizza             |       |       |     1 |       ||     1
